 Dungeon Sprint DCSS version 0.21.1-1-g345015f (webtiles) character file.

8472 equalderp2856 the Severer (level 11, -1/113 HPs)
             Began as a Minotaur Fighter on May 23, 2018.
             Was an Initiate of Gozag.
             Slain by a 13-headed hydra (7 damage)
             ... while paralysed by a floating eye
             ... in the Dungeon (Sprint I: "Red Sonja") on May 24, 2018.
             The game lasted 00:07:29 (3315 turns).

equalderp2856 the Severer (Minotaur Fighter)        Turns: 3315, Time: 00:07:30

Health: -1/113     AC:  9    Str: 26    XL:     11   Next: 10%
Magic:  10/10      EV:  2    Int:  6    God:    Gozag
Gold:   1777       SH:  0    Dex: 12    Spells: 10/10 levels left

rFire    . . .     SeeInvis .   a - +0 war axe
rCold    . . .     Gourm    .   c - +0 shield
rNeg     . . .     Faith    .   b - +0 scale mail
rPois    .         Spirit   .   (helmet restricted)
rElec    .         Reflect  .   (no cloak)
rCorr    .         Harm     .   (no gloves)
MR       .....     NoTele   +   (no boots)
Stlth    +.........             (no amulet)
HPRegen  0.28/turn              (no ring)
MPRegen  0.12/turn              (no ring)

@: paralysed, mighty, bribing [the Dungeon]
A: retaliatory headbutt, horns 2
a: Potion Petition, Call Merchant, Bribe Branch, Renounce Religion


You were in the Dungeon.
You worshipped Gozag.
Gozag was most pleased with you.
You were hungry.

You visited 1 branch You collected 5107 gold pieces.
You spent 120 gold pieces at shops.
You paid 3210 gold pieces to Gozag.

Inventory:

Hand Weapons
 a - a +0 war axe (weapon)
Armour
 b - a +0 scale mail (worn)
 c - a +0 shield (worn)
Scrolls
 g - a scroll of identify {unknown}
 k - a scroll of blinking
Potions
 e - a potion of brilliance {unknown}
 f - a potion of agility {unknown}
 i - 4 potions of magic
Comestibles
 h - 2 rations


   Skills:
 + Level 15.5 Fighting
 + Level 17.5 Axes
 + Level 13.7 Armour
 + Level 9.4 Dodging
 + Level 2.9 Stealth
 + Level 13.0 Shields


You had 10 spell levels left.
You didn't know any spells.

Dungeon Overview and Level Annotations

Branches:
Dungeon (1/1)

Altars:
Cheibriados
Dithmenos
Elyvilon
Fedhas
Gozag
Hepliaklqana
Kikubaaqudgha
Makhleb
Nemelex Xobeh
Okawaru
Qazlal
Ru
Sif Muna
Trog
Uskayaw
Vehumet
Wu Jian
Xom
Yredelemnul
Zin
The Shining One
Jiyva
Lugonu

Shops:
D }[:=[%!}[?[*(*?


Innate Abilities, Weirdness & Mutations

You reflexively headbutt those who attack you in melee.
You have a pair of horns on your head.


Message History

The 11-headed hydra grows two more!
You slash the 13-headed hydra! You headbutt the 13-headed hydra!
The 13-headed hydra is moderately wounded.
The floating eye gazes piercingly through you!
You suddenly lose the ability to move!
The 13-headed hydra bites you!
The 13-headed hydra bites you but does no damage.
The 13-headed hydra bites you. The 13-headed hydra bites you! x2
* * * LOW HITPOINT WARNING * * *
The 13-headed hydra bites you but does no damage.
The 13-headed hydra bites you.
* * * LOW HITPOINT WARNING * * *
The 13-headed hydra bites you but does no damage.
The 13-headed hydra bites you!
* * * LOW HITPOINT WARNING * * *
The 13-headed hydra bites you.
* * * LOW HITPOINT WARNING * * *
The 13-headed hydra bites you but does no damage.
The 13-headed hydra bites you!
You die...
Your body crumbles into a pile of gold. ####################### '...#..#§§..'§§§@D§§.$# $$$$ #)).##'#.####§§§§G##$.+ $$$$ #..)'.§#§#$ ##§§§## ## $$ $$ #####..§§# $###+# $ $$$$$ $ #..##+#### $ $$$ $$$$

§..#... $
$ $
#..#..^.
$$$ $
##'###§§§
$
#.§§#§§.#
$


You could see a 13-headed hydra and a floating eye.

Vanquished Creatures
  2 centaur warriors (D)
  2 unseen horrors (D)
  A lindwurm (D)
  An oklob plant (D)
  A gargoyle (D)
  A kobold demonologist (D)
  4 demonic crawlers (D)
  A slime creature (D)
  A hornet (D)
  2 redbacks (D)
  A yak (D)
  Sigmund (D)
  13 hogs (D)
  2 floating eyes (D)
  An ogre (D)
  7 necrophages (D)
  8 jellies (D)
  Ijyb (D)
50 creatures vanquished.

Vanquished Creatures (others)
  A gargoyle (D)
  A kobold demonologist (D)
2 creatures vanquished.

Grand Total: 52 creatures vanquished

Notes
Turn   | Place    | Note
-------+----------+-------------------------------------------
     0 | D        | equalderp2856 the Minotaur Fighter began the quest for the Orb.
     0 | D        | Reached XP level 1. HP: 19/19 MP: 0/0
     2 | D        | Noticed Ijyb
     7 | D        | Killed Ijyb
     7 | D        | Reached skill level 5 in Fighting
     7 | D        | Reached skill level 3 in Axes
     7 | D        | Reached skill level 5 in Armour
     7 | D        | Reached skill level 5 in Shields
     7 | D        | Reached XP level 2. HP: 25/29 MP: 1/1
    51 | D        | Noticed an ogre
    54 | D        | Killed an ogre
    54 | D        | Reached skill level 4 in Axes
    55 | D        | Reached XP level 3. HP: 39/39 MP: 2/2
    55 | D        | Reached XP level 4. HP: 47/47 MP: 3/3
    66 | D        | Noticed Sigmund
    88 | D        | Killed Sigmund
    88 | D        | Reached skill level 6 in Axes
    88 | D        | Reached skill level 1 in Dodging
    88 | D        | Reached XP level 5. HP: 14/56 MP: 4/4
   283 | D        | Killed a gargoyle
   332 | D        | Found an ornate altar of the Wu Jian Council.
   332 | D        | Found a deep blue altar of Sif Muna.
   334 | D        | Found a radiant altar of Vehumet.
   340 | D        | Reached XP level 6. HP: 46/62 MP: 5/5
   441 | D        | Found Boliloo's Gadget Emporium.
   441 | D        | Found an ancient bone altar of Kikubaaqudgha.
   441 | D        | Found a hazy altar of Hepliaklqana.
   441 | D        | Found a stormy altar of Qazlal.
   441 | D        | Found a hide-covered altar of Uskayaw.
   441 | D        | Found a blossoming altar of Fedhas.
   441 | D        | Found a bloodstained altar of Trog.
   441 | D        | Found an iron altar of Okawaru.
   441 | D        | Found a basalt altar of Yredelemnul.
   441 | D        | Found a glowing golden altar of the Shining One.
   441 | D        | Found a snail-covered altar of Cheibriados.
   441 | D        | Found a sacrificial altar of Ru.
   441 | D        | Found a glowing silver altar of Zin.
   441 | D        | Found a shadowy altar of Dithmenos.
   441 | D        | Found a white marble altar of Elyvilon.
   441 | D        | Noticed a yak
   446 | D        | Killed a yak
   446 | D        | Reached skill level 8 in Axes
   446 | D        | Reached skill level 10 in Armour
   447 | D        | Found an opulent altar of Gozag.
   448 | D        | Found a sparkling altar of Nemelex Xobeh.
   457 | D        | Became a worshipper of Gozag Ym Sagoz the Greedy
   483 | D        | Found a burning altar of Makhleb.
   483 | D        | Found a viscous altar of Jiyva.
   483 | D        | Found a shimmering altar of Xom.
   483 | D        | Found a corrupted altar of Lugonu.
   483 | D        | Noticed a slime creature
   500 | D        | Killed a slime creature
   500 | D        | Reached skill level 10 in Fighting
   500 | D        | Reached skill level 9 in Axes
   500 | D        | Reached XP level 7. HP: 7/72 MP: 6/6
   797 | D        | Noticed a centaur warrior
   797 | D        | Noticed a centaur warrior
   824 | D        | HP: 5/108 [centaur warrior (12)]
   826 | D        | Killed a centaur warrior
   826 | D        | Reached skill level 11 in Axes
   826 | D        | Reached skill level 1 in Stealth
   826 | D        | Reached skill level 10 in Shields
   826 | D        | Reached XP level 8. HP: 6/82 MP: 7/7
   827 | D        | Killed a centaur warrior
   827 | D        | Reached skill level 13 in Axes
   827 | D        | Reached skill level 5 in Dodging
  1173 | D        | Noticed a hornet
  1183 | D        | Killed a hornet
  1183 | D        | Reached XP level 9. HP: 83/90 MP: 8/8
  1254 | D        | Noticed an oklob plant
  1490 | D        | HP: 4/90 [acid (10)]
  1491 | D        | Killed an oklob plant
  1491 | D        | Reached skill level 14 in Axes
  2144 | D        | Killed an unseen horror
  2144 | D        | Reached skill level 15 in Axes
  2165 | D        | Killed an unseen horror
  2395 | D        | Reached XP level 10. HP: 90/101 MP: 9/9
  2472 | D        | Paralysed by a floating eye for 3 turns
  2513 | D        | Reached skill level 16 in Axes
  2561 | D        | Found Nazeykh's Book Shoppe.
  2561 | D        | Found Usoichye's Armour Shop.
  2561 | D        | Found Ilack's Jewellery Boutique.
  2563 | D        | Found Nusesh's Armour Emporium.
  2563 | D        | Found Foufrisch's Food Shop.
  2563 | D        | Found Pautol's Distillery.
  2563 | D        | Found Qeimua's Gadget Boutique.
  2563 | D        | Found Miallyef's Armour Emporium.
  2563 | D        | Found Boedwoiwyl's Magic Scroll Shop.
  2563 | D        | Found Midozal's Antique Armour Shoppe.
  2564 | D        | Found Ozutedey's General Store.
  2565 | D        | Found Poboint's Assorted Antiques.
  2565 | D        | Found Gasyat's Antique Weapon Boutique.
  2566 | D        | Bought a ration for 60 gold pieces
  2566 | D        | Bought a ration for 60 gold pieces
  2566 | D        | Found Juoveomp's Magic Scroll Emporium.
  2940 | D        | Noticed a gargoyle
  2951 | D        | Killed a gargoyle
  2965 | D        | Noticed a lindwurm
  2973 | D        | Killed a lindwurm
  2973 | D        | Reached skill level 17 in Axes
  3129 | D        | Reached skill level 15 in Fighting
  3148 | D        | Reached XP level 11. HP: 86/112 MP: 10/10
  3310 | D        | Noticed a 12-headed hydra
  3315 | D        | Paralysed by a floating eye for 2 turns
  3315 | D        | Slain by a 13-headed hydra

Skill      XL: |  1  2  3  4  5  6  7  8  9 10 11 |
---------------+----------------------------------+-----
Fighting       | 5 7 8 10 11 13 15 | 15.5
Axes           | 3 4 6 9 11 13 15 17 | 17.5
Armour         | 5 6 8 9 10 11 12 13 | 13.7
Shields        | 5 6 8 9 10 11 12 13 | 13.0
Dodging        | 1 2 4 5 7 9 |  9.4
Stealth        | 1 2 |  2.9

Action                   |  1- 3 |  4- 6 |  7- 9 | 10-12 || total
-------------------------+-------+-------+-------+-------++-------
Melee: War axe           |     6 |    33 |    56 |   122 ||   217
       Headbutt          |     3 |     9 |    11 |    39 ||    62
Invok: Potion Petition   |       |       |     1 |     1 ||     2
       Bribe Branch      |       |       |       |     1 ||     1
  Use: Potion            |       |     1 |     4 |     1 ||     6
  Eat: Ration            |       |       |     1 |     1 ||     2
Armor: Scale mail        |     1 |     8 |    21 |    46 ||    76
Dodge: Dodged            |     3 |     4 |    11 |    61 ||    79
Block: Shield            |     2 |    10 |    30 |    76 ||   118
